puck, lawful female human Valkyrie --------- ----- |........# |....# ----- |.......|# |...|# .... |.......|# |...|# ... |_[.....|# |...|# #%. -----.---# |...|# # # # --|--# # ### # ## # # # # % ### # ####### # ### # ### --|-------- # # ### # |.........| # # # # |.........| # # ########## # |.........| # ---.----- # --|--## |.........| # |.....`I-##########....|## |.........| # |.......| # |...-## |.........| # |...i...| ##+...| ----------- ##...@'....### ----- --------- puck the Skirmisher Experience level: 3 Strength: 16 Dexterity: 14 Constitution: 18 Intelligence: 8 Wisdom: 11 Charisma: 8 Health: 0(28) Energy: 6(6) Def: 10 Gold: 575 Moves: 1707 Dungeon seed: o7YG_TRBLDHa44n7 Game ID: puck_1559508688 Your Inventory: Coins $ - 575 gold pieces Weapons a - an uncursed +1 long sword (weapon in hand) b - an uncursed +0 dagger (in quiver) Armor e - an uncursed +3 small shield (being worn) n - a cursed -2 pair of levitation boots q - an uncursed +0 scale mail (being worn) r - an uncursed +0 leather cloak (being worn) y - an uncursed +0 orcish helm (being worn) Comestibles c - an uncursed food ration k - an uncursed partly eaten food ration Scrolls h - an uncursed scroll of identify i - a blessed scroll of confuse monster Tools d - an uncursed oil lamp (0:1164) Spells and supernatural/magical abilities: Name Level Category Cost Memory W - pray for help -- divine ? -- Your skills at the end: Fighting Skills wands [Basic] Weapon Skills dagger [Basic] long sword [Basic] Spellcasting Skills Final Attributes: You were piously aligned. You were immune to cold. You were stealthy. Tyr was noncommittal. You are dead. Vanquished creatures: 2 giant ants 3 orc zombies 2 iguanas a gas spore a hobgoblin a gecko 4 jackals a goblin 2 sewer rats 6 grid bugs 2 lichens 2 newts 27 creatures vanquished. Voluntary challenges: You used a wielded weapon 52 times, starting on turn 179. You were illiterate. You never genocided any monsters. You never polymorphed an object. You never changed form. You used no wishes. You never split a pudding. You never wrote Elbereth's name. You never violated your personal moral code. Dungeon overview: The Dungeons of Doom: levels 1 to 5 Level 1 a long staircase Level 2 a scroll shop, a fountain Level 3 a general store Level 4 a vault Level 5 <- You were here an altar to Odin, a vault History has recorded: On T:1 you entered the Dungeons of Doom to retrieve the Amulet of Yendor! On T:247 you reached level 2 of The Dungeons of Doom. On T:462 you reached level 3 of The Dungeons of Doom. On T:463 you advanced to experience level 2. On T:651 you reached level 4 of The Dungeons of Doom. On T:721 you reached level 5 of The Dungeons of Doom. On T:796 you advanced to experience level 3. Score breakdown: Gold: 575 ( 9390 points) Experience: 3 levels ( 7878 points) Exploration: 5 levels ( 9.62%) ( 8401 points) Discoveries: 3 items ( 1.20%) ( 3286 points) Valuables value: (no points given unless you survive) Artifact value: 0 ( 0 points) Variety of kills: 12 monsters ( 3.16%) ( 5331 points) Turncount: 1707 turns ( 0 points) Survival: died (score multiplied by 80%) Total score: 27428 Latest messages: You hit the enslaved imp! The enslaved imp misses. You miss the enslaved imp. b - an uncursed +0 dagger (in quiver). The paper golem misses. The enslaved imp hits! You hit the enslaved imp. The paper golem misses. The enslaved imp misses. You miss the enslaved imp. The paper golem hits! The enslaved imp hits! You hit the paper golem. The paper golem misses. The enslaved imp hits! You hit the paper golem! The paper golem hits! The enslaved imp hits! You faint from lack of food. The paper golem misses. The enslaved imp hits! The paper golem hits! The enslaved imp hits! The paper golem hits! The enslaved imp hits! You die... Final status: Farvel puck the Valkyrie, killed by an imp, while fainted from lack of food... You died in The Dungeons of Doom on dungeon level 5 with 27428 points, and 575 pieces of gold, after 1707 moves. You were level 3 with a maximum of 28 hit points when you died.